 Dungeon Crawl Stone Soup version 0.29.1-1-gd02db6906a (webtiles) character file.

Game seed: 11781925600798625677

106 tizbic2 the Caller (level 4, 0/45 HPs)
             Began as an Ogre Summoner on Oct 4, 2022.
             Slain by a quokka (1 damage)
             ... summoned by Eustachio
             ... on level 3 of the Dungeon.
             The game lasted 00:13:40 (2917 turns).

tizbic2 the Caller (Ogre Summoner)                  Turns: 2917, Time: 00:13:40

Health: 0/45       AC:  3    Str: 10      XL:     4   Next: 84%
Magic:  7/7        EV:  6    Int: 18      God:
Gold:   160        SH:  8    Dex:  6 (9)  Spells: 2/9 levels left

rFire   . . .      SeeInvis +   d - +0 spear
rCold   + . .      Faith    .   q - +0 tower shield
rNeg    . . .      Spirit   .   a - +0 robe
rPois   .          Reflect  .   (helmet restricted)
rElec   .          Harm     .   (no cloak)
rCorr   .          Rampage  .   (gloves unavailable)
Will    .....                   (boots unavailable)
Stlth   +.........              (no amulet)
HPRegen 0.15/turn               c - ring of see invisible
MPRegen 0.10/turn               f - ring of protection from cold

@: no status effects
A: large, unfitting armour, tough skin 1, low MP 1, sense surroundings 1, weak 1
a: no special abilities


You were on level 3 of the Dungeon.
You visited 1 branch of the dungeon, and saw 4 of its levels.

You collected 160 gold pieces.

Inventory:

Hand Weapons
 d - a +0 spear (weapon)
 o - a +1 short sword of electrocution
Missiles
 e - 2 curare-tipped darts
 l - a throwing net
Armour
 a - a +0 robe (worn)
 q - a +0 tower shield (worn)
Jewellery
 c - a ring of see invisible (left hand)
 f - a ring of protection from cold (right hand)
Scrolls
 g - a scroll of magic mapping
 i - 3 scrolls of teleportation
 j - a scroll of poison {unknown}
 m - a scroll of fog {unknown}
Potions
 b - a potion of magic
 h - a potion of mutation
 n - a potion of curing {unknown}


   Skills:
 + Level 3.0 Fighting
 - Level 1.7 Dodging
 - Level 1.4 Stealth
 * Level 0.1 Shields
 + Level 3.1 Spellcasting
 + Level 3.9 Summonings
 * Level 2.1 Air Magic


You had 2 spell levels left.
You knew the following spells:

 Your Spells              Type           Power      Damage    Failure   Level
a - Summon Small Mammal   Summ           68%        N/A       30%         1
b - Call Imp              Summ           17%        N/A       41%         2
c - Summon Lightning Spi  Summ/Air       13%        N/A       99%         4

Your spell library contained the following spells:

 Spells                   Type           Power      Damage    Failure   Level
 Call Canine Familiar     Summ           17%        N/A       65%         3
 Summon Guardian Golem    Hex/Summ       9%         N/A       89%         3
 Stone Arrow              Conj/Erth      4%         3d7       99%         3
 Animate Armour           Summ/Erth      18%        N/A       100%        4
 Lehudib's Crystal Spear  Conj/Erth      1%         10d2      100%        8


Dungeon Overview and Level Annotations

Branches:
Dungeon (4/15)
 Temple: D:4-7

Altars:
Elyvilon

Annotations:
D:3 Eustachio


Innate Abilities, Weirdness & Mutations

You are too large for most types of armour.
You have tough skin. (AC +1)
Your magical capacity is low. (-10% MP)
You passively map a small area around you.
You are weak. (Str -2)


Message History

You block the white imp's attack.
Reach: d) +0 spear
Press: ? - help, Dir - move target, f/p - Eustachio
Aim: Eustachio, wielding a +0 rapier and wearing a +3 leather armour of poison resistance (moderately wounded, about 57% to evade your +0 spear)
You reach to attack!
You miss Eustachio.
Eustachio is moderately wounded.
The white imp disappears in a puff of smoke!
The quokka bites you.
* * * LOW HITPOINT WARNING * * *
You block the rat's attack. The quokka barely misses you.
Eustachio casts a spell.
You closely miss Eustachio.
Eustachio is moderately wounded.
The quokka barely misses you. The rat bites you but does no damage.
Eustachio hits you with a +0 rapier.
* * * LOW HITPOINT WARNING * * *
You block the quokka's attack. The rat bites you but does no damage.
You closely miss Eustachio.
Eustachio is moderately wounded.
Eustachio hits you with a +0 rapier.
* * * LOW HITPOINT WARNING * * *
The quokka bites you but does no damage.
You block the rat's attack. You block Eustachio's attack.
You barely miss Eustachio.
Eustachio is moderately wounded.
The quokka barely misses you. The rat bites you but does no damage.
You block the quokka's attack.
Eustachio gestures wildly while chanting.
Eustachio blinks!
You hit the shadow imp but do no damage.
The quokka bites you but does no damage.
The rat barely misses you. The shadow imp hits you.
* * * LOW HITPOINT WARNING * * *
The quokka barely misses you. The rat bites you but does no damage.
You barely miss the shadow imp.
The shadow imp hits you but does no damage.
You block the quokka's attack. The rat bites you.
* * * LOW HITPOINT WARNING * * *
You block the shadow imp's attack. The quokka bites you.
You die...

.#.# #.# #..# #.# #..# #.+.#.._
#..# #.# #..# #.# #..# #..#.#..
##.###.# #..####.###..# #.##.#..
.......###....[.....#.## #.......
##..........####...###.###..##...
#.######.#.#.###.##[#..##...#....
.## ##.##.##.##.###.#.##........
## #..........rr.###.##..###### #
##.##.##.##@#.# #.###.#
#.....>###5#.# #.# #.######
#.#...####.#.###.###.......
#.......#.@................
#..........#.###.#.####..##
##...÷...##.#...............
#......>..................#.
######.........###..####.######..
.†......##..b@......# #.# ##.


You could see Eustachio, a shadow imp (summoned), a quokka (summoned) and a rat
(summoned).

Vanquished Creatures
  A worm (D:2)
  2 dart slugs (D:1)
  2 orcs
  3 ball pythons (D:2)
  3 bats
  An endoplasm (D:4)
  2 goblins (D:2)
  A hobgoblin (D:2)
  3 quokkas
  A frilled lizard (D:2)
  3 kobolds
  2 rats
24 creatures vanquished.

Vanquished Creatures (collateral kills)
  An orc wizard (D:2)
  An adder (D:2)
  3 dart slugs
  4 orcs
  A ball python (D:1)
  A bat (D:2)
  4 endoplasms
  4 goblins
  A quokka (D:1)
  2 frilled lizards (D:1)
  3 kobolds
  2 rats
27 creatures vanquished.

Vanquished Creatures (others)
  7 plants (D:2)
7 creatures vanquished.

Grand Total: 58 creatures vanquished

Notes
Turn   | Place    | Note
-------+----------+-------------------------------------------
     0 | D:1      | tizbic2 the Ogre Summoner began the quest for the Orb.
     0 | D:1      | Reached XP level 1. HP: 16/16 MP: 3/3
   253 | D:1      | Reached skill level 1 in Fighting
   364 | D:1      | Reached XP level 2. HP: 27/27 MP: 1/5
   384 | D:1      | Learned a level 2 spell: Call Imp
   485 | D:1      | Reached skill level 1 in Air Magic
   858 | D:2      | Reached XP level 3. HP: 25/35 MP: 1/7
  1363 | D:2      | Found a white marble altar of Elyvilon.
  1447 | D:2      | Reached XP level 4. HP: 35/44 MP: 3/8
  2059 | D:3      | Found a faded altar of an unknown god.
  2103 | D:3      | Learned a level 4 spell: Summon Lightning Spire
  2842 | D:4      | Noticed Eustachio
  2856 | D:4      | Noticed a black bear
  2877 | D:3      | Gained mutation: Your magical capacity is low. (-10% MP)
                  | [potion of mutation]
  2877 | D:3      | Gained mutation: You are weak. (Str -2) [potion of
                  | mutation]
  2877 | D:3      | Gained mutation: You passively map a small area around you.
                  | [potion of mutation]
  2916 | D:3      | HP: 2/45 [shadow imp[Eustachio] (5)]
  2917 | D:3      | Slain by a quokka

Illustrated notes

Levels and vault maps discovered:
D:1:      lightli_arrival_statue_moat, layout_basic
D:2:      layout_loops_ring, basic_altar, serial_forest,
          infiniplex_forest_clump_small, infiniplex_forest_pool,
          infiniplex_forest_lined_ring, infiniplex_forest_straight_4,
          infiniplex_forest_clump_cross, infiniplex_forest_side_room,
          infiniplex_forest_clump_small
D:3:      layout_loops_ring, hellmonk_ecumenical_altar_blasted,
          due_unseen_surprise
D:4:      layout_cave_pools, small_statue_alley_b, uniq_eustachio

Skill      XL: |  1  2  3  4 |
---------------+-------------+-----
Fighting       | 1 2 3 |  3.0
Air Magic      | 1 2 |  2.1
Spellcasting   | 3 |  3.1
Dodging        | |  1.7
Stealth        | |  1.4
Shields        | |  0.1
Summonings     | |  3.9

Action                   |  1- 3 |  4- 6 || total
-------------------------+-------+-------++-------
Melee: Dagger            |     8 |       ||     8
       Spear             |    54 |    84 ||   138
 Cast: Summon Small Mamm |    35 |     4 ||    39
       Call Imp          |     1 |     8 ||     9
  Use: Scroll            |     2 |       ||     2
       Potion            |       |     4 ||     4
 Stab: Sleeping          |     1 |       ||     1
Armor: Robe              |    16 |    69 ||    85
Dodge: Dodged            |    22 |    51 ||    73
Block: Tower shield      |       |    40 ||    40
